 Dungeon Crawl Stone Soup version 0.21.1-1-g345015f (webtiles) character file.

26 Figureslego113 the Sneak (level 3, 0/24 HPs)
             Began as a Halfling Assassin on June 7, 2018.
             Was an Initiate of Nemelex Xobeh.
             Slain by a wolf (2 damage)
             ... on level 2 of the Dungeon.
             The game lasted 00:06:56 (888 turns).

Figureslego113 the Sneak (Halfling Assassin)         Turns: 888, Time: 00:07:00

Health: 0/24       AC:  3    Str: 12    XL:     3   Next: 22%
Magic:  3/3        EV: 14    Int:  9    God:    Nemelex Xobeh [......]
Gold:   75         SH:  0    Dex: 16    Spells: 2/2 levels left

rFire    . . .     SeeInvis .   a - +2 dagger
rCold    . . .     Gourm    .   (shield restricted)
rNeg     . . .     Faith    .   c - +0 robe
rPois    .         Spirit   .   (no helmet)
rElec    .         Reflect  .   d - +0 cloak
rCorr    .         Harm     .   (no gloves)
MR       .....                  (no boots)
Stlth    +++.......             j - amulet of rage
HPRegen  0.08/turn              (no ring)
MPRegen  0.08/turn              (no ring)

@: no status effects
A: small, mutation resistance 1
a: Renounce Religion, Evoke Berserk Rage


You were on level 2 of the Dungeon.
You worshipped Nemelex Xobeh.
Nemelex Xobeh was noncommittal.
You were not hungry.

You visited 1 branch of the dungeon, and saw 2 of its levels.

You collected 75 gold pieces.

Inventory:

Hand Weapons
 a - a +2 dagger (weapon)
 b - a +0 blowgun
Missiles
 e - 8 poisoned needles
 f - 2 curare-tipped needles
Armour
 c - a +0 robe (worn)
 d - a +0 cloak (worn)
Jewellery
 j - an amulet of rage (around neck)
 n - an uncursed ring of protection from fire {unknown}
 o - an uncursed ring of poison resistance {unknown}
Scrolls
 h - a scroll of immolation {unknown}
 k - 2 scrolls of identify {unknown}
 l - 2 scrolls of teleportation {unknown}
 m - a scroll of remove curse {unknown}
Miscellaneous
 i - a plain deck of destruction {drawn: 6}
Comestibles
 g - 4 rations


   Skills:
 + Level 2.0 Fighting
 * Level 3.0 Short Blades
 - Level 2.0 Throwing
 + Level 1.1 Dodging
 * Level 5.1 Stealth


You had 2 spell levels left.
You didn't know any spells.

Dungeon Overview and Level Annotations

Branches:
Dungeon (2/15)

Altars:
Nemelex Xobeh


Innate Abilities, Weirdness & Mutations

You are small and have problems with some larger weapons.
You are somewhat resistant to further mutation.


Message History

You have drawn the Orb.
Press: ? - help, Shift-Dir - straight line, f/p - worm
Aim: a worm (moderately wounded)
The orb of energy hits the bat.
You kill the bat!
You draw a card...
It is Wild Magic.
Frost spreads across the the floor.
The kobold glows momentarily.
You feel a surge of magic.
Firing (i - inventory): No suitable missiles.
Press: ? - help, Shift-Dir - straight line, f/p - worm
Aim: a worm (moderately wounded)
Okay, then.
You draw a card...
It is Degeneration.
The worm evaporates and reforms as a wolf!
The wolf twists and deforms.
The kobold evaporates and reforms as a jackal!
The jackal twists and deforms.
The wolf pauses to sniff the ground.
The wolf bites you.
You die...
Your body disappears without a glow.

...# #...###.#.......
##..###.............#
..........††...#####
##..##..######.#
#..##..### ...
#........# ####
#..##..#.#
#.###..#.###########
#.# #..#.%.h@h).....
#.# #..#..##########
###.###.....#
###..........##
....#.####.###
#####.# #. #.# #. #.#
#. #.# #.


You could see a wolf and a jackal.

Vanquished Creatures
  A dart slug (D:1)
  4 bats
  A goblin (D:1)
  2 hobgoblins (D:1)
  4 jackals
  5 kobolds (D:1)
  A frilled lizard (D:1)
  4 rats (D:1)
22 creatures vanquished.

Vanquished Creatures (collateral kills)
  2 bats (D:1)
2 creatures vanquished.

Grand Total: 24 creatures vanquished

Notes
Turn   | Place    | Note
-------+----------+-------------------------------------------
     0 | D:1      | Figureslego113 the Halfling Assassin began the quest for the Orb.
     0 | D:1      | Reached XP level 1. HP: 14/14 MP: 1/1
    73 | D:1      | Found a sparkling altar of Nemelex Xobeh.
    97 | D:1      | Became a worshipper of Nemelex Xobeh the Trickster
    98 | D:1      | Received a gift from Nemelex Xobeh
   151 | D:1      | Reached XP level 2. HP: 19/19 MP: 2/2
   537 | D:1      | Reached skill level 5 in Stealth
   541 | D:1      | Reached XP level 3. HP: 15/24 MP: 3/3
   879 | D:2      | HP: 1/24 [bat (1)]
   888 | D:2      | Noticed a wolf
   888 | D:2      | a worm changed into a wolf
   888 | D:2      | Slain by a wolf

Skill      XL: |  1  2  3 |
---------------+----------+-----
Short Blades   | 3 |  3.0
Stealth        | 5 |  5.1
Fighting       | 2 |  2.0
Throwing       | |  2.0
Dodging        | |  1.1

Action                   || total
-------------------------++-------
Melee: Dagger            ||    77
Evoke: Deck              ||     6
 Stab: Sleeping          ||     1
Armor: Robe              ||    17
Dodge: Dodged            ||    74
